 Dungeon Crawl Stone Soup version 0.29-a0-297-g7659ce593d (webtiles) character file.

Game seed: 9423186251143903305

60 Astera the Stinger (level 4, -2/24 HPs)
             Began as a Tengu Venom Mage on Mar 20, 2022.
             Slain by a gnoll
             ... wielding a +0 club
              (4 damage)
             ... on level 3 of the Dungeon.
             The game lasted 00:11:45 (2260 turns).

Astera the Stinger (Tengu Venom Mage)               Turns: 2260, Time: 00:11:46

Health: -2/24      AC:  3    Str:  9    XL:     4   Next: 6%
Magic:  8/8        EV: 12    Int: 15    God:
Gold:   75         SH:  0    Dex: 16    Spells: 6/7 levels left

rFire   . . .      SeeInvis .   f - +0 short sword
rCold   . . .      Faith    .   (no shield)
rNeg    . . .      Spirit   .   a - +0 robe
rPois   .          Reflect  .   (helmet restricted)
rElec   .          Harm     .   d - +0 cloak
rCorr   .          Rampage  .   (no gloves)
Will    .....                   (boots unavailable)
Stlth   ++........              (no amulet)
HPRegen 0.08/turn               (no ring)
MPRegen 0.11/turn               (no ring)

@: no status effects
A: beak, talons 3
a: no special abilities


You were on level 3 of the Dungeon.
You visited 1 branch of the dungeon, and saw 3 of its levels.

You collected 105 gold pieces.
You spent 30 gold pieces at shops.

Inventory:

Hand Weapons
 f - a +0 short sword (weapon)
Missiles
 m - 2 atropa-tipped darts
Armour
 a - a +0 robe (worn)
 d - a +0 cloak (worn)
Scrolls
 c - 2 scrolls of brand weapon {unknown}
 e - 3 scrolls of teleportation
 i - a scroll of identify {unknown}
 l - a scroll of noise {unknown}
 n - a scroll of fog {unknown}
Potions
 b - a potion of magic
 g - 2 potions of attraction {unknown}
 h - a potion of flight {unknown}
 j - a potion of cancellation {unknown}
 k - 2 potions of mutation {unknown}


   Skills:
 - Level 2.5 Dodging
 - Level 2.3 Stealth
 - Level 2.2 Spellcasting
 - Level 1.1 Transmutations
 + Level 4.1 Poison Magic


You had 6 spell levels left.
You knew the following spells:

 Your Spells              Type           Power      Damage    Failure   Level
a - Sting                 Tmut/Pois      36%        1d4       8%          1

Your spell library contained the following spells:

 Spells                   Type           Power      Damage    Failure   Level
 Poisonous Vapours        Pois/Air       14%        N/A       14%         2
 Slow                     Hex            4%         N/A       22%         1
 Mephitic Cloud           Conj/Pois/Air  5%         N/A       36%         3
 Olgreb's Toxic Radiance  Pois           14%        N/A       36%         4
 Confusing Touch          Hex            1%         N/A       54%         3
 Vampiric Draining        Necr           1%         2d6       54%         3


Dungeon Overview and Level Annotations

Branches:
Dungeon (3/15)

Altars:

Shops:
D:2 !(=?*

Annotations:
D:3 Sigmund


Innate Abilities, Weirdness & Mutations

You have a beak for a mouth.
You have claws for feet.


Message History

You hit the endoplasm.
You kill the endoplasm!
You open the door.
There is an open door here.
A hobgoblin comes into view.
You can't see any susceptible monsters within range! (Use Z to cast anyway.)
The sting hits the hobgoblin.
The hobgoblin is poisoned.
The hobgoblin is lightly wounded.
The hobgoblin shouts!
The sting misses the hobgoblin.
You hit the hobgoblin.
You kill the hobgoblin!
HP restored.
A gnoll comes into view. It is wielding a +0 club.
A gnoll comes into view. It is wielding a +0 halberd.
The gnoll shouts!
You can't see any susceptible monsters within range! (Use Z to cast anyway.)
You can't see any susceptible monsters within range! (Use Z to cast anyway.)
A gnoll comes into view. It is wielding a +0 club.
The sting hits the gnoll.
The gnoll is poisoned.
The gnoll is lightly wounded.
The gnoll shouts!
You hear a shout!
The gnoll throws a throwing net.
The throwing net barely misses you.
You hear a shout!
Sigmund shouts!
Sigmund casts a spell at you. The puff of flame hits you!
Sigmund casts a spell at you. The magic dart hits you.
Sigmund points at you and mumbles some strange words.
The magic dart hits you.
The gnoll looks more healthy.
The gnoll attacks as you move away! The gnoll hits you with a +0 club.
* * * LOW HITPOINT WARNING * * *
Sigmund casts a spell.
Sigmund flickers and vanishes!
Deactivating autopickup; reactivate with Ctrl-A.
The gnoll attacks as you move away! The gnoll misses you.
The gnoll attacks as you move away! The gnoll hits you with a +0 club.
You die...

#.....@..........#######
#...........{.g..#
................g#
........###......#
#.......# #......#
#.......# ##.###.#
+.......# #..##.#
#.......# ##.##g#
#.......# ###..#@#
#......[# #....#.#
#.......# #....#.#
######..# #....#.#
######..###......#
.........##...#.##
.........##...#.#
.........##...#..#
.........'.........


You could see 3 gnolls.

Vanquished Creatures
  An adder (D:3)
  2 dart slugs (D:2)
  4 ball pythons
  4 endoplasms
  A giant cockroach (D:2)
  7 hobgoblins
  3 kobolds (D:1)
  3 quokkas
  4 bats
  2 frilled lizards
  6 goblins
  3 rats
40 creatures vanquished.

Notes
Turn   | Place    | Note
-------+----------+-------------------------------------------
     0 | D:1      | Astera the Tengu Venom Mage began the quest for the Orb.
     0 | D:1      | Reached XP level 1. HP: 10/10 MP: 4/4
   179 | D:1      | Noticed a golden eye
   181 | D:1      | Found a faded altar of an unknown god.
   182 | D:1      | Noticed a shining eye
   182 | D:1      | Noticed a golden eye
   182 | D:1      | Noticed a golden eye
   277 | D:2      | Reached skill level 1 in Transmutations
   277 | D:2      | Reached XP level 2. HP: 10/15 MP: 3/6
  1127 | D:2      | Found Koabeozo's Magic Scroll Shop.
  1138 | D:2      | Bought a scroll of teleportation for 30 gold pieces
  1176 | D:2      | Reached XP level 3. HP: 16/19 MP: 5/7
  1179 | D:2      | Found Pokhimen's Antique Weapon Emporium.
  1419 | D:2      | Found Lamus's Jewellery Shop.
  1705 | D:2      | Found Quocsuto's General Store.
  2072 | D:2      | Found Honeh's Distillery.
  2138 | D:3      | Reached skill level 4 in Poison Magic
  2177 | D:3      | Reached XP level 4. HP: 20/24 MP: 8/8
  2185 | D:3      | Noticed Sigmund
  2260 | D:3      | Slain by a gnoll

Illustrated notes

Levels and vault maps discovered:
D:1:      nicolae_arrival_washed_ashore, layout_basic,
          hellmonk_ecumenical_altar_watching_god,
          nicolae_concentric_dashed_squares_mild, minmay_misc_feat_doors
D:2:      layout_basic, serial_shops, nicolae_shop_advertising_works
          [nicolae_subvault_shop_adworks], shop, shop, shop, shop,
          minmay_tiny_reverse_x
D:3:      layout_basic, minmay_misc_feat_room, uniq_crazy_yiuf_cottage,
          uniq_sigmund

Skill      XL: |  1  2  3 |
---------------+----------+-----
Transmutations | 1 |  1.1
Poison Magic   | 4 |  4.1
Dodging        | |  2.5
Stealth        | |  2.3
Spellcasting   | |  2.2

Action                   |  1- 3 |  4- 6 || total
-------------------------+-------+-------++-------
Melee: Unarmed           |     8 |       ||     8
       Kick              |    17 |       ||    17
       Short sword       |    34 |     2 ||    36
       Peck              |     5 |       ||     5
 Cast: Sting             |    37 |     5 ||    42
 Stab: Sleeping          |     2 |       ||     2
Armor: Robe              |     7 |       ||     7
Dodge: Dodged            |    26 |     2 ||    28

Table legend: (Time is in decaauts)
 A = Elapsed time spent in this place.
 B = Non-inter-level travel time spent in this place.
 C = Inter-level travel time spent in this place.
 D = Time resting spent in this place.
 E = Time spent auto-exploring this place.
 F = Levels seen in this place.
 G = Mean time per level.
                   A        B        C        D        E       F      G
               +--------+--------+--------+--------+--------+-----+--------+
         Total |   2280 |   2226 |     54 |     96 |   1278 |   3 |  760.0 |
       Dungeon |   2280 |   2226 |     54 |     96 |   1278 |   3 |  760.0 |
               +--------+--------+--------+--------+--------+-----+--------+

Top non-repeatable levels by time:
     D:1: 1137 daAuts
     D:2: 979 daAuts
     D:3: 162 daAuts
